AoeStats
← Konrad

Nomad

510434144Analyzed
4v4 RM · 23h ago on Oct 1, 2026· 31m 29s· 8 players
Game mode
Random Map
Map size
231×231
Population
200
Speed
Normal
Resources
Standard
Victory
Conquest
Starting age
Dark Age
Ending age
Imperial Age
RankedLock teamsTeams togetherTeam positionsShared explorationLock speedFull tech treeHidden civsTurbo modeCheats
Victory
Defeat
🇨🇱 Ethiopians · Chile
950
+10
🇨🇳 Khitans · China
880
+13
🇺🇸 Slavs · United States
873
+13
🇦🇺 Lithuanians · Australia
852
+14
🇪🇸 Burmese · Spain
891
-42
🇷🇺 Bohemians · Russia
793
-12
🇨🇳 Aztecs · China
768
-11
🇦🇷 Byzantines · Argentina
767
-11
shprot
20:51 Feudal Age
19:47 Loom
21:40 Horse Collar
25:17 Castle Age
VerrücktMan
5:16 Loom
LuchoCuzzo
14:44 Feudal Age
15:14 Double-Bit Axe
16:06 Wheelbarrow
18:25 Fishing Lines
23:59 Castle Age
23:41 Stone Mining
25:30 Hand Cart
26:46 Treadmill Crane
715113342
4:11 Loom
17:24 Feudal Age
21:32 Castle Age
travishjones96
4:37 Loom
5:24 Loom
5:28 Loom
15:16 Feudal Age
26:25 Castle Age
29:55 Castle Age
30:07 Fletching
PACKITUP
13:33 Feudal Age
13:27 Loom
14:01 Double-Bit Axe
15:51 Horse Collar
23:01 Castle Age
24:10 Bow Saw
24:41 Bloodlines
23:52 Light Cavalry
24:33 Husbandry
24:46 Forging
24:41 Scale Barding Armor
30:05 Iron Casting
29:51 Chain Barding Armor
Tamerlane
11:49 Loom
14:48 Feudal Age
15:33 Double-Bit Axe
15:49 Domestication
18:20 Castle Age
17:19 Forging
19:49 Wheelbarrow
20:57 Iron Casting
23:13 Husbandry
23:22 Scale Barding Armor
28:44 Pastoralism
29:53 Bow Saw
Konrad
5:16 Loom
14:44 Feudal Age
19:14 Wheelbarrow
20:27 Double-Bit Axe
20:35 Gold Mining
21:07 Stone Mining
26:11 Castle Age
24:00 Horse Collar
24:49 Padded Archer Armor
24:40 Fletching
27:18 Hand Cart
27:25 Leather Archer Armor
27:52 Bow Saw
27:45 Heavy Plow
28:29 Gold Shaft Mining
31:13 Scale Mail Armor
Connection lost

Rejoining the realm…

Still unreachable

The connection could not be restored.

Session expired

The server has moved on; the page needs a fresh start.